 Dungeon Crawl Stone Soup version 0.21-a0-591-g2314aa1 (webtiles) character file.

28 SpeedyPerson7 the Covered (level 2, -3/27 HPs)
             Began as a Deep Dwarf Fighter on Dec 22, 2017.
             Slain by an ogre
             ... wielding a +0 giant club
              (17 damage)
             ... on level 4 of the Dungeon.
             The game lasted 00:01:03 (879 turns).

SpeedyPerson7 the Covered (Deep Dwarf Fighter)       Turns: 879, Time: 00:01:03

Health: -3/27      AC:  9    Str: 19    XL:     2   Next: 96%
Magic:  2/2        EV:  7    Int:  8    God:
Gold:   132        SH: 13    Dex: 12    Spells: 1/1 levels left

rFire    . . .     SeeInvis .   a - +0 war axe
rCold    . . .     Gourm    .   c - +0 shield
rNeg     . . .     Faith    .   r - +0 chain mail
rPois    .         Spirit   .   (no helmet)
rElec    .         Reflect  +   (no cloak)
rCorr    .         Harm     .   (no gloves)
MR       .....                  (no boots)
Stlth    ..........             j - +4 amulet of reflection
HPRegen  0.00/turn              E - +2 ring of evasion
MPRegen  0.08/turn              b - ring of flight

@: non-regenerating
A: damage resistance, heal wounds, sense surroundings 1, no regeneration
a: Heal Wounds, Evoke Flight


You were on level 4 of the Dungeon.
You were not hungry.

You visited 1 branch of the dungeon, and saw 4 of its levels.

You collected 132 gold pieces.

Inventory:

Hand Weapons
 a - a +0 war axe (weapon)
Armour
 c - a +0 shield (worn)
 r - a +0 chain mail (worn)
Jewellery
 b - a ring of flight (right hand)
 j - a +4 amulet of reflection (around neck)
 l - an uncursed amulet of regeneration {unknown}
 E - a +2 ring of evasion (left hand)
Scrolls
 g - 2 scrolls of random uselessness {unknown}
 h - 2 scrolls of blinking {unknown}
 k - a scroll of noise {unknown}
 m - 2 scrolls of identify {unknown}
 o - a scroll of teleportation {unknown}
 q - a scroll of magic mapping {unknown}
 s - a scroll of remove curse {unknown}
 t - a scroll of enchant armour {unknown}
Potions
 d - a potion of might
 f - 2 potions of agility {unknown}
 i - a potion of haste {unknown}
 n - a potion of degeneration {unknown}
 p - a potion of heal wounds {unknown}
Comestibles
 e - 5 rations


   Skills:
 + Level 2.9 Fighting
 * Level 2.9 Axes
 + Level 3.6 Armour
 + Level 3.6 Shields


You had one spell level left.
You didn't know any spells.

Dungeon Overview and Level Annotations

Branches:
Dungeon (4/15)
 Temple: D:4-7

Altars:
Elyvilon


Innate Abilities, Weirdness & Mutations

You are resistant to damage.
You can heal yourself by infusing magical energy.
You passively map a small area around you.
You do not regenerate.


Message History

The ogre shouts!
Found a stone staircase leading up.
There is a stone staircase leading up here.
You hit the ogre.
The ogre is lightly wounded.
You block the ogre's attack.
You barely miss the ogre.
The ogre is lightly wounded.
You block the ogre's attack.
You hit the ogre.
The ogre is moderately wounded.
The ogre barely misses you.
You slash the ogre!
The ogre is severely wounded.
The ogre hits you with a giant club!
You hit the ogre but do no damage.
The ogre is severely wounded.
The ogre hits you with a giant club!!
Ouch! That really hurt!
You die...

* ... ,
#######..####.# *
##.....#........ ,
##..............#*
*
#................
* * ,
#................
#.......<........
#......<.........
#........@O......
#................
##..............#
##.....##.....##
#######*######


You could see an ogre.

Vanquished Creatures
  A dart slug (D:3)
  3 orcs (D:3)
  6 bats
  A giant cockroach (D:3)
  6 jackals (D:2)
  A kobold (D:1)
  A ball python (D:3)
  A goblin (D:3)
  2 rats (D:2)
22 creatures vanquished.

Notes
Turn   | Place    | Note
-------+----------+-------------------------------------------
     0 | D:1      | SpeedyPerson7 the Deep Dwarf Fighter began the quest for the Orb.
     0 | D:1      | Reached XP level 1. HP: 20/20 MP: 1/1
   167 | D:2      | Found a white marble altar of Elyvilon.
   222 | D:2      | Reached XP level 2. HP: 27/27 MP: 2/2
   872 | D:4      | Noticed an ogre
   879 | D:4      | Slain by an ogre

Vault maps used:
D:1:      evilmike_arrival_crescent, minmay_misc_feat_pillars
D:2:      elyvilon_altar_5
D:3:      guppyfry_early_lair_pool

Action                   || total
-------------------------++-------
Melee: War axe           ||    70
Armor: Scale mail        ||    17
       Chain mail        ||    11
Dodge: Dodged            ||    25
Block: Shield            ||    63

Table legend:
 A = Spawn XP
 B = Non-spawn XP
 C = Spawn XP percentage of total XP
 D = Spawn monster count
 E = Non-spawn monster count
 F = Spawn count percentage of total count
 G = Total turns spent on level
                    A         B        C        D         E        F      G
               +---------+---------+-------+---------+---------+-------+---------
         Total |       0 |      40 |   0.0 |       0 |      22 |   0.0 |   879
               +---------+---------+-------+---------+---------+-------+---------
           D:1 |       0 |       5 |   0.0 |       0 |       3 |   0.0 |   142
           D:2 |       0 |      15 |   0.0 |       0 |       9 |   0.0 |   211
           D:3 |       0 |      20 |   0.0 |       0 |      10 |   0.0 |   519
               +---------+---------+-------+---------+---------+-------+---------
